 Dungeon Sprint DCSS version 0.17.1-3-g152610e (webtiles) character file.

797 hexophile the Impaler (level 8, -4/58 HPs)
             Began as a Formicid Fighter on Apr 20, 2016.
             Was a Priest of the Shining One.
             Slain by a basilisk (5 damage)
             ... in the Dungeon (Sprint IX: "|||||||||||||||||||||||||||||").
             The game lasted 00:02:16 (651 turns).

hexophile the Impaler (Formicid Fighter)             Turns: 651, Time: 00:02:16

Health: -4/58      AC:  6    Str: 23    XL:     8   Next: 13%
Magic:  5/8        EV:  2    Int:  8    God:    the Shining One [***...]
Gold:   0          SH:  0    Dex: 10    Spells: 0 memorised, 7 levels left

rFire  . . .     SeeInvis +     a - +0 trident
rCold  . . .     Clarity  .     b - +0 scale mail
rNeg   + + +     SustAt   .     c - +0 shield
rPois  ∞         Gourm    .     (helmet unavailable)
rElec  .         Spirit   .     (no cloak)
rCorr  .         Warding  .     (no gloves)
rMut   .         Stasis   +     (no boots)
MR     .....                    (no amulet)
Stlth  ..........               (no ring)
                                (no ring)

@: divine shield, petrified, glowing, not resistant to hostile enchantments,
extremely unstealthy
A: permanent stasis, dig shafts and tunnels, four strong arms, antennae 3
a: Dig, Divine Shield, Renounce Religion


You were in the Dungeon.
You worshipped the Shining One.
The Shining One was most pleased with you.
You were not hungry.

You visited 1 branch


Innate Abilities, Weirdness & Mutations

You are under a permanent stasis effect.
You can dig through walls and to a lower floor.
Your four strong arms can wield two-handed weapons with a shield.
You have a pair of large antennae on your head (SInv).

Inventory:

Hand Weapons
 a - a +0 trident (weapon)
Armour
 b - a +0 scale mail (worn)
 c - a +0 shield (worn)
 m - a +0 pair of boots
 n - a +0 pair of boots
Scrolls
 g - 3 scrolls of remove curse
 k - 2 scrolls of blinking
Potions
 d - a potion of invisibility
 f - 2 potions of curing
 h - a potion of haste
 i - 4 potions of magic
 j - a potion of berserk rage
Comestibles
 r - a bread ration


You had 7 spell levels left.
You didn't know any spells.


   Skills:
 - Level 3.2 Fighting
 + Level 15.8 Polearms
 - Level 3.2 Armour
 - Level 3.6 Shields

Dungeon Overview and Level Annotations

Branches:
Dungeon (1/1)

Altars:
Cheibriados
Dithmenos
Elyvilon
Fedhas
Gozag
Kikubaaqudgha
Makhleb
Nemelex Xobeh
Okawaru
Qazlal
Ru
Sif Muna
Trog
Vehumet
Xom
Yredelemnul
Zin
The Shining One
Beogh
Jiyva
Lugonu

Vault maps used:
D:        linesprint
You       could see a hippogriff, a basilisk, a black bear and a deep elf mage.


Message History

The deep elf mage gestures wildly while chanting.
The deep elf mage blinks!
The basilisk bites you!
The deep elf mage hits you but does no damage.
The basilisk bites you!
* * * LOW HITPOINT WARNING * * *
The basilisk bites you.
* * * LOW HITPOINT WARNING * * *
The deep elf mage mumbles some strange words.
The deep elf mage blinks!
The basilisk bites you!
* * * LOW HITPOINT WARNING * * *
The basilisk gazes at you. You resist with some effort. The basilisk bites you!
* * * LOW HITPOINT WARNING * * *
The basilisk bites you.
* * * LOW HITPOINT WARNING * * *
The deep elf mage hits you with a long sword.
* * * LOW HITPOINT WARNING * * *
You turn to flesh and can move again.
You lost 26 HP.
You have now: 6/58 HP.
Unknown command.
Unknown command.
Unknown command.
Unknown command.
Drink which item? (? for menu, Esc to quit)
You feel better. The basilisk closely misses you.
Restored 8 HP.
You have now: 14/58 HP.
Your shield is strengthened by the Shining One's divine power.
You feel slightly more hungry.
The deep elf mage hits you but does no damage.
The basilisk gazes at you.
You are slowing down.
Unknown command.
You puncture the deep elf mage!
The deep elf mage is heavily wounded.
The deep elf mage hits you with a long sword.
* * * LOW HITPOINT WARNING * * *
The basilisk gazes at you.
Your limbs have turned to stone.
You have turned to stone.
The deep elf mage casts a spell.
The deep elf mage blinks!
The basilisk bites you!
* * * LOW HITPOINT WARNING * * *
The deep elf mage casts a spell.
The deep elf mage blinks!
The basilisk bites you!
* * * LOW HITPOINT WARNING * * *
The deep elf mage gestures at you while chanting.
Helpless, you fail to dodge the bolt of poison.
You resist. The basilisk bites you!
You die...

Action                   |  1- 3 |  4- 6 |  7- 9 || total
-------------------------+-------+-------+-------++-------
Melee: Trident           |    24 |    46 |    38 ||   108
Invok: Divine Shield     |       |       |     1 ||     1
  Use: Potion            |     2 |     2 |     3 ||     7

Notes
Turn   | Place    | Note
--------------------------------------------------------------
     0 | D        | hexophile the Formicid Fighter began the quest for the Orb.
     0 | D        | Reached XP level 1. HP: 18/18 MP: 1/1
    14 | D        | Reached skill level 3 in Polearms
    20 | D        | Reached skill level 4 in Polearms
    20 | D        | Reached XP level 2. HP: 14/24 MP: 2/2
    22 | D        | Reached skill level 5 in Polearms
   141 | D        | Noticed a centaur
   141 | D        | Noticed an ogre
   141 | D        | Noticed a crimson imp
   150 | D        | Killed a centaur
   150 | D        | Reached skill level 9 in Polearms
   150 | D        | Reached XP level 3. HP: 2/29 MP: 3/3
   150 | D        | Reached XP level 4. HP: 2/35 MP: 4/4
   150 | D        | Reached XP level 5. HP: 2/41 MP: 5/5
   161 | D        | Killed an ogre
   161 | D        | Reached skill level 11 in Polearms
   161 | D        | Reached XP level 6. HP: 17/47 MP: 6/6
   165 | D        | Killed a crimson imp
   172 | D        | Found a glowing silver altar of Zin.
   172 | D        | Found a glowing golden altar of the Shining One.
   172 | D        | Found an ancient bone altar of Kikubaaqudgha.
   172 | D        | Found a basalt altar of Yredelemnul.
   172 | D        | Found a shimmering altar of Xom.
   172 | D        | Found a radiant altar of Vehumet.
   173 | D        | Found an iron altar of Okawaru.
   174 | D        | Found a burning altar of Makhleb.
   175 | D        | Found a deep blue altar of Sif Muna.
   176 | D        | Found a bloodstained altar of Trog.
   177 | D        | Found a sparkling altar of Nemelex Xobeh.
   178 | D        | Found a white marble altar of Elyvilon.
   179 | D        | Found a roughly hewn altar of Beogh.
   180 | D        | Found a viscous altar of Jiyva.
   181 | D        | Found a corrupted altar of Lugonu.
   204 | D        | Became a worshipper of the Shining One
   211 | D        | Found a blossoming altar of Fedhas.
   212 | D        | Found a snail-covered altar of Cheibriados.
   213 | D        | Found a shadowy altar of Dithmenos.
   214 | D        | Found a stormy altar of Qazlal.
   215 | D        | Found an opulent altar of Gozag.
   216 | D        | Found a sacrificial altar of Ru.
   331 | D        | Noticed a crocodile
   331 | D        | Noticed a crimson imp
   331 | D        | Reached * piety under the Shining One
   331 | D        | Noticed an ice beast
   331 | D        | Noticed an orc warrior
   331 | D        | Noticed a killer bee
   342 | D        | Killed a crocodile
   342 | D        | Reached skill level 12 in Polearms
   346 | D        | Reached ** piety under the Shining One
   356 | D        | Killed a crimson imp
   356 | D        | Reached skill level 13 in Polearms
   363 | D        | Killed an ice beast
   363 | D        | Reached XP level 7. HP: 17/52 MP: 7/7
   374 | D        | Killed an orc warrior
   374 | D        | Reached skill level 14 in Polearms
   385 | D        | Killed a killer bee
   619 | D        | Noticed a deep elf mage
   619 | D        | Noticed a giant frog
   619 | D        | Noticed a basilisk
   619 | D        | Noticed a deep elf mage
   619 | D        | Reached *** piety under the Shining One
   619 | D        | Noticed a hippogriff
   619 | D        | Noticed a black bear
   629 | D        | Killed a deep elf mage
   629 | D        | Reached skill level 15 in Polearms
   629 | D        | Reached XP level 8. HP: 41/58 MP: 8/8
   632 | D        | Killed a giant frog
   650 | D        | HP: 1/58 [basilisk (7)]
   651 | D        | Slain by a basilisk

Table legend:
 A = Turns spent in this place as a percentage of turns spent in the entire game.
 B = Non-inter-level travel turns spent in this place as a percentage of non-inter-level travel turns spent in the entire game.
 C = Inter-level travel turns spent in this place as a percentage of turns spent in this place.
 D = Turns resting spent in this place as a percentage of non-inter-level travel turns spent in this place.
 E = Turns spent auto-exploring this place as a percentage of non-inter-level travel turns spent in this place.
 F = Non-inter-level travel turns spent in this place divided by the number of levels of this place that you've seen.
                   A       B       C       D       E      F
               +-------+-------+-------+-------+-------+----------------------
         Total | 100.0 | 100.0 |   0.0 |   5.3 |   0.0 | 300.0
       Dungeon | 100.0 | 100.0 |   0.0 |   5.3 |   0.0 | 300.0
               +-------+-------+-------+-------+-------+----------------------

Table legend:
 A = Kills in this place as a percentage of kills in entire the game.
 B = Kills by you in this place as a percentage of kills by you in the entire game.
 C = Kills by friends in this place as a percentage of kills by friends in the entire game.
 D = Other kills in this place as a percentage of other kills in the entire game.
 E = Experience gained in this place as a percentage of experience gained in the entire game.
 F = Experience gained in this place divided by the number of levels of this place that you have seen.
                   A       B       C       D       E      F
               +-------+-------+-------+-------+-------+----------------------
         Total | 100.0 | 100.0 |  -nan |  -nan | 100.0 | 1139.0
       Dungeon | 100.0 | 100.0 |  -nan |  -nan | 100.0 | 1139.0
               +-------+-------+-------+-------+-------+----------------------

Vanquished Creatures
  A deep elf mage (D)
  An ice beast (D)
  An orc warrior (D)
  A centaur (D)
  An ogre (D)
  A crocodile (D)
  A giant frog (D)
  A killer bee (D)
  2 crimson imps (D)
  A gnoll (D)
  An adder zombie (D)
  2 adder skeletons (D)
  A goblin (D)
  A hobgoblin (D)
  A jackal (D)
  A rat (D)
18 creatures vanquished.
